 Dungeon Crawl Stone Soup version 0.31-a0-986-g5e6e4ef867 (webtiles) character file.

Game seed: 1634449836311613403

1471 Dittersdorf the Covered (level 8, 0/52 HPs)
             Began as a Gargoyle Fighter on Nov 6, 2023.
             Was a Believer of Okawaru.
             Slain by a two-headed ogre
             ... wielding a +0 giant club
              (15 damage)
             ... on level 6 of the Dungeon.
             The game lasted 00:07:24 (6597 turns).

Dittersdorf the Covered (Gargoyle Fighter)          Turns: 6597, Time: 00:07:24

Health: 0/52       AC: 22    Str: 21    XL:     8   Next: 78%
Magic:  8/8        EV: 10    Int: 10    God:    Okawaru [**....]
Gold:   196        SH:  5    Dex:  9    Spells: 7/7 levels left

rFire   . . .        a - +1 flail (protect)
rCold   . . .        c - +0 buckler
rNeg    + . .        k - +4 leather armour of Makhleb's Fury {Regen+}
rPois   ∞            t - +1 helmet
rElec   +            (no cloak)
rCorr   .            (no gloves)
SInv    .            (no boots)
Will    .....        b - amulet of the acrobat
Stlth   +            (no ring)
HPRegen 1.08/turn    (no ring)
MPRegen 0.11/turn

%: acrobat
@: under a protective aura
A: sickness immunity, AC +5, negative energy resistance 1, electricity
resistance, torment resistance 1, petrification resistance
a: Renounce Religion, Heroism


You were on level 6 of the Dungeon.
You worshipped Okawaru.
Okawaru was pleased with you.
You visited 1 branch of the dungeon, and saw 6 of its levels.
You also visited: Ossuary.

You collected 196 gold pieces.

Inventory:

Hand Weapons
 a - a +1 flail of protection (weapon)
Missiles
 m - 6 silver javelins (quivered)
Armour
 c - a +0 buckler (worn)
 k - the +4 leather armour of Makhleb's Fury (worn) {Regen+}
   (You found it on level 2 of the Dungeon)

   Regen+:    It increases your rate of health regeneration.
 t - a +1 helmet (worn)
Jewellery
 b - an amulet of the acrobat (around neck)
 j - a ring of ice
Wands
 r - a wand of paralysis (9)
 s - a wand of flame (21)
Scrolls
 i - 3 scrolls of poison
 x - 2 scrolls of enchant weapon
 y - 2 scrolls of fog
 B - a scroll of fear
Potions
 d - 2 potions of might
 e - 2 potions of invisibility
 f - 2 potions of lignification {unknown}
 g - 4 potions of heal wounds {unknown}
 h - 3 potions of attraction {unknown}
 l - a potion of cancellation
 n - a potion of haste {unknown}
 o - 5 potions of curing
 q - a potion of magic {unknown}
 w - 2 potions of degeneration {unknown}
 z - a potion of ambrosia
 A - a potion of enlightenment


   Skills:
 + Level 6.6 Fighting
 + Level 5.6 Maces & Flails
 + Level 6.6 Armour
 + Level 6.6 Shields


You had 7 spell levels left.
You didn't know any spells.
Your spell library contained the following spells:

 Spells                   Type           Power      Damage    Failure   Level
 Gell's Gravitas          Tloc           0%         N/A       83%         3
 Teleport Other           Tloc           0%         N/A       83%         3
 Dispersal                Tloc           0%         N/A       100%        6


Dungeon Overview and Level Annotations

Branches:
Dungeon (6/15)             Temple (0/1) D:5         Ossuary (visited)

Altars:
Okawaru
Vehumet

Shops:
D:5 [


Innate Abilities, Weirdness & Mutations

You are immune to sickness and miasma.
Your stone body is resilient. (AC +5)
You are immune to poison.
You resist negative energy. (rN+)
You are resistant to electric shocks. (rElec)
You are resistant to unholy torment.
You are immune to petrification.


Message History

The two-headed ogre is lightly wounded.
The two-headed ogre hits you with a +0 giant club!
The two-headed ogre hits you but does no damage.
You are too injured to fight recklessly!
You are too injured to fight recklessly!
You are too injured to fight recklessly!
You are too injured to fight recklessly!
You are too injured to fight recklessly!
You are too injured to fight recklessly!
You are too injured to fight recklessly!
You are too injured to fight recklessly!
You are too injured to fight recklessly!
You are too injured to fight recklessly!
You are too injured to fight recklessly!
You are too injured to fight recklessly!
You are too injured to fight recklessly!
You hit the two-headed ogre.
The two-headed ogre is lightly wounded.
The two-headed ogre hits you but does no damage.
The two-headed ogre hits you with a +0 giant club.
You barely miss the two-headed ogre.
The two-headed ogre is lightly wounded.
You block the two-headed ogre's attack.
The two-headed ogre hits you but does no damage.
You sock the two-headed ogre!
The two-headed ogre is lightly wounded.
You thump the two-headed ogre!
The two-headed ogre is moderately wounded.
The two-headed ogre hits you with a +0 giant club!
* * * LOW HITPOINT WARNING * * *
The two-headed ogre closely misses you.
You hit the two-headed ogre but do no damage.
The two-headed ogre is moderately wounded.
The two-headed ogre hits you but does no damage.
The two-headed ogre barely misses you.
You hit the two-headed ogre.
The two-headed ogre is moderately wounded.
The two-headed ogre closely misses you.
The two-headed ogre hits you with a +0 giant club!
You die...

.........# #..# #
#..# .#
#.####O.##..##
#.............
#####Y..##....
#...# .##
#.#######...# #
#..)O@.....#....#
...########.#.#####
#.### #.# #.. ###


You could see a two-headed ogre.

Vanquished Creatures
  Menkaure (Ossuary)
  A water moccasin (D:4)
  2 black bears (D:4)
  2 orc warriors (D:4)
  2 ice beasts (D:5)
  An ogre (D:4)
  2 phantoms (D:4)
  A hound (D:5)
  A jelly (D:5)
  An orc priest (D:4)
  2 iguanas
  A sleepcap (D:5)
  2 orc wizards
  3 mummies (Ossuary)
  Robin (D:3)
  3 adders
  A white imp (D:5)
  4 dart slugs
  17 orcs
  8 endoplasms
  3 giant cockroaches
  15 goblins
  9 hobgoblins
  4 quokkas
  7 ball pythons
  8 bats
  6 frilled lizards
  7 gnoll skeletons (Ossuary)
  3 gnoll zombies (Ossuary)
  4 goblin skeletons (Ossuary)
  5 goblin zombies (Ossuary)
  6 hobgoblin skeletons (Ossuary)
  7 hobgoblin zombies (Ossuary)
  9 kobolds
  4 kobold skeletons (Ossuary)
  3 kobold zombies (Ossuary)
  2 orc skeletons (Ossuary)
  4 orc zombies (Ossuary)
  3 rats
  2 rat skeletons (Ossuary)
  3 rat zombies (Ossuary)
170 creatures vanquished.

Notes
Turn   | Place    | Note
-------+----------+-------------------------------------------
     0 | D:1      | Dittersdorf the Gargoyle Fighter began the quest for the
                  | Orb.
     0 | D:1      | Reached XP level 1. HP: 14/14 MP: 1/1
   331 | D:1      | Reached XP level 2. HP: 18/19 MP: 2/2
  1085 | D:2      | Found a radiant altar of Vehumet.
  1091 | D:2      | Identified the +4 leather armour of Makhleb's Fury {Regen+}
  1125 | D:2      | Reached XP level 3. HP: 23/23 MP: 3/3
  1987 | D:3      | Found an iron altar of Okawaru.
  1996 | D:3      | Reached XP level 4. HP: 27/29 MP: 4/4
  2013 | D:3      | Became a worshipper of Warmaster Okawaru
  2118 | D:3      | Noticed Robin
  2126 | D:3      | Paralysed by a goblin for 4 turns
  2140 | D:3      | Killed Robin
  2596 | D:4      | Reached XP level 5. HP: 29/33 MP: 5/5
  2638 | D:4      | Noticed a phantom
  2652 | D:4      | Killed a phantom
  2726 | D:4      | Found a sand-covered staircase.
  2734 | Ossuary  | Entered an ossuary
  3389 | Ossuary  | Reached XP level 6. HP: 39/39 MP: 6/6
  3496 | Ossuary  | Noticed Menkaure
  3511 | Ossuary  | Killed Menkaure
  3511 | Ossuary  | Reached * piety under Okawaru
  3656 | D:4      | Reached skill level 5 in Fighting
  3656 | D:4      | Reached skill level 5 in Armour
  3656 | D:4      | Reached skill level 5 in Shields
  3662 | D:4      | Noticed a black bear
  3672 | D:4      | Killed a black bear
  3673 | D:4      | Reached XP level 7. HP: 37/44 MP: 7/7
  3736 | D:4      | Reached ** piety under Okawaru
  4084 | D:4      | Reached XP level 8. HP: 32/51 MP: 8/8
  4449 | D:5      | Entered Level 5 of the Dungeon
  4475 | D:4      | Reached skill level 5 in Maces & Flails
  5012 | D:5      | Found a staircase to the Ecumenical Temple.
  5269 | D:5      | Found Xerairis's Antique Armour Boutique.
  5719 | D:5      | Found Xerairis's Antique Armour Boutique.
  5734 | D:5      | Found a staircase to the Ecumenical Temple.
  6544 | D:6      | Noticed a two-headed ogre
  6597 | D:6      | Slain by a two-headed ogre

Illustrated notes

Levels and vault maps discovered:
D:1:      elethiomel_arrival_infinity_welcomes_careful_drivers,
          layout_loops_ring, dk_noncrumbling_3
D:2:      layout_basic, basic_altar, kennysheep_cross_bottleneck
D:3:      layout_basic, mainiacjoe_overflow_surrounded_room, patterned_corridor,
          uniq_robin
D:4:      layout_loops_corners, nicolae_ossuary_entry_plus, roderic_batcave,
          grunt_ministairs_2, minmay_fractal_squares_gapless_5
D:5:      layout_basic, temple_fountains, serial_shops, nicolae_shop_trees,
          hangedman_decor_clover_reticule, chequers_garden,
          minmay_tree_intersection, chequers_big_river, minivault_23,
          nrook_campfire, kennysheep_pointless_box
D:6:      layout_loops_ring, nicolae_overflow_hidden_temple,
          dk_yredelemnul_ordeal, amcnicky_altar_gilded,
          minmay_gold_behind_fungi, lightli_orcish_oven

Skill      XL: |  1  2  3  4  5  6  7  8 |
---------------+-------------------------+-----
Shields        | 4 5 6 |  6.6
Armour         | 4 5 6 |  6.6
Fighting       | 4 5 6 |  6.6
Maces & Flails | 3 4 5 |  5.6

Action                     |  1- 3 |  4- 6 |  7- 9 || total
---------------------------+-------+-------+-------++-------
  Melee: Flail             |   158 |   316 |   241 ||   715
    Use: Scroll            |       |     7 |     9 ||    16
 Armour: Scale mail        |    22 |       |       ||    22
         Chain mail        |    16 |       |       ||    16
         Leather armour    |   106 |   200 |   162 ||   468
  Dodge: Dodged            |   109 |   138 |   122 ||   369
  Block: Buckler           |    50 |    54 |    53 ||   157

Table legend: (Time is in decaauts)
 A = Elapsed time spent in this place.
 B = Non-inter-level travel time spent in this place.
 C = Inter-level travel time spent in this place.
 D = Time resting spent in this place.
 E = Time spent auto-exploring this place.
 F = Levels seen in this place.
 G = Mean time per level.
                   A        B        C        D        E       F      G
               +--------+--------+--------+--------+--------+-----+--------+
         Total |   6802 |   6574 |    228 |    623 |   4158 |   7 |  971.7 |
       Dungeon |   5911 |   5683 |    228 |    175 |   4137 |   6 |  985.2 |
       Ossuary |    890 |    890 |      0 |    448 |     21 |   1 |  890.0 |
               +--------+--------+--------+--------+--------+-----+--------+

Top non-repeatable levels by time:
     D:5: 2018 daAuts
     D:4: 1348 daAuts
     D:1: 897 daAuts
 Ossuary: 890 daAuts
     D:3: 818 daAuts
     D:2: 751 daAuts
     D:6: 77 daAuts
